 Dungeon Crawl Stone Soup version 0.23-a0-435-g79ed067 (webtiles) character file.

53 Inarius the Skirmisher (level 3, -3/33 HPs)
             Began as a Ghoul Fighter on Nov 15, 2018.
             Killed from afar by Robin (7 damage)
             ... with a wand of flame (17)
             ... on level 2 of the Dungeon.
             The game lasted 00:01:53 (859 turns).

Inarius the Skirmisher (Ghoul Fighter)               Turns: 859, Time: 00:01:54

Health: -3/33      AC:  6    Str: 19    XL:     3   Next: 89%
Magic:  2/2        EV:  7    Int:  9    God:
Gold:   49         SH:  8    Dex:  8    Spells: 2/2 levels left

rFire    . . .     SeeInvis .   a - +0 war axe
rCold    + . .     Gourm    .   c - +0 shield
rNeg     + + +     Faith    .   b - +0 scale mail
rPois    ∞         Spirit   .   l - +0 hat
rElec    .         Reflect  .   (no cloak)
rCorr    .         Harm     .   (no gloves)
MR       .....                  (no boots)
Stlth    ..........             (no amulet)
HPRegen  0.00/turn              (no ring)
MPRegen  0.08/turn              (no ring)

@: brilliant, rotting
A: rotting body, claws 1, carnivore, cold resistance 1, negative energy
resistance 3, inhibited regeneration, torment resistance, unbreathing
a: no special abilities


You were on level 2 of the Dungeon.
You were not hungry.

You visited 1 branch of the dungeon, and saw 2 of its levels.

You collected 49 gold pieces.

Inventory:

Hand Weapons
 a - a +0 war axe (weapon)
 m - a +2 flail of protection
Armour
 b - a +0 scale mail (worn)
 c - a +0 shield (worn)
 l - a +0 hat (worn)
Jewellery
 n - an uncursed ring of protection from fire {unknown}
Scrolls
 e - a scroll of immolation {unknown}
 g - a scroll of identify {unknown}
 k - a scroll of teleportation
 o - a scroll of enchant armour {unknown}
Potions
 d - a potion of might
 i - a potion of mutation {unknown}
Comestibles
 f - 3 rations
 j - 5 chunks of flesh


   Skills:
 + Level 3.6 Fighting
 * Level 2.8 Axes
 + Level 2.9 Armour
 + Level 3.1 Shields


You had 2 spell levels left.
You didn't know any spells.
Your spell library was empty.

Dungeon Overview and Level Annotations

Branches:
Dungeon (2/15)

Altars:
Gozag

Annotations:
D:2 Robin


Innate Abilities, Weirdness & Mutations

Your body is rotting away.
You thrive on raw meat.
You are immune to poison.
You have sharp fingernails.
You are carnivorous and can eat meat at any time.
Your flesh is cold resistant. (rC+)
You are immune to negative energy. (rN+++)
You do not regenerate when monsters are visible.
You are immune to unholy pain and torment.
You can survive without breathing.


Message History

You feel strangely unstable.
It was a scroll of teleportation.
The goblin barely misses you. Robin throws the goblin at you!
The goblin barely misses you. The hobgoblin hits you with a +0 club!
* * * LOW HITPOINT WARNING * * *
Unknown command.
It was a potion of brilliance.
You feel clever all of a sudden. The goblin hits you but does no damage.
The goblin barely misses you. The goblin hits you but does no damage.
You block Robin's attack. The goblin hits you.
* * * LOW HITPOINT WARNING * * *
The hobgoblin hits you but does no damage.
Your surroundings suddenly seem different.
The goblin no longer looks unusually strong.
Wield which item (- for none, * to show all)? (? for menu, Esc to quit)
Your +2 flail of protection goes still.
a - a +0 war axe (weapon)
You see here a quokka skeleton.
Robin zaps a wand.
The puff of flame hits you!
You die...

#......# ## ## #......# #..
.###### #......#
#..#####.!..... #......#
#.............
#......#######.........#
#..##........#..)gg....#
#.###...<....#........#### #.#
##.......##..........# ###.#
#...@...##!......##.. #...#
#......g............. #.###
#.......####....##### ####.##
######..####..#..# #.....#
#...÷.#..##.##
#.....##########.###.#......#
#.....#..............g........
#._.....####.......#.........^
#......#####..................


You could see Robin and a goblin.

Vanquished Creatures
  An ooze (D:1)
  A worm (D:2)
  A dart slug (D:1)
  3 orcs (D:2)
  3 giant cockroaches (D:1)
  12 goblins
  4 hobgoblins
  A kobold (D:1)
  A quokka (D:2)
  A ball python (D:2)
  2 bats
  3 frilled lizards (D:1)
  5 rats
38 creatures vanquished.

Notes
Turn   | Place    | Note
-------+----------+-------------------------------------------
     0 | D:1      | Inarius the Ghoul Fighter began the quest for the Orb.
     0 | D:1      | Reached XP level 1. HP: 19/19 MP: 0/0
    46 | D:1      | Reached XP level 2. HP: 24/26 MP: 1/1
   421 | D:1      | Reached XP level 3. HP: 27/31 MP: 2/2
   657 | D:2      | Found an opulent altar of Gozag.
   840 | D:2      | Noticed Robin
   859 | D:2      | Killed from afar by Robin

Vault maps used:
D:1:      zelgadis_glass_arrival_small, chequers_mini_garden, st_stairs_7,
          corexii_corridor_pit
D:2:      gammafunk_temple_overflow_claw, overflow_temple_1_default,
          corexii_corridor_pit, guppyfry_early_orc_mine, uniq_robin,
          uniq_terence

Skill      XL: |  1  2  3 |
---------------+----------+-----
Axes           | 2 |  2.8
Shields        | 3 |  3.1
Fighting       | |  3.6
Armour         | |  2.9

Action                   || total
-------------------------++-------
Melee: War axe           ||   112
       Flail             ||    31
  Use: Scroll            ||     1
       Potion            ||     1
  Eat: Chunk             ||    14
Armor: Scale mail        ||    88
Dodge: Dodged            ||    36
Block: Shield            ||    96

Table legend:
 A = Non-vault XP
 B = Vault XP
 C = Vault XP percentage of total XP
 D = Non-vault monster count
 E = Vault monster count
 F = Vault count percentage of total count
                 A         B        C        D         E       F
            +---------+---------+-------+---------+---------+-------
      Total |      52 |      25 |  32.5 |      26 |      12 |  31.6
            +---------+---------+-------+---------+---------+-------
        D:1 |      40 |       1 |   2.4 |      20 |       1 |   4.8
        D:2 |      12 |      24 |  66.7 |       6 |      11 |  64.7
            +---------+---------+-------+---------+---------+-------
